 Dungeon Crawl Stone Soup version 0.30-b1-2-g02819fbbbe (webtiles) character file.

Game seed: 15880956775975477642

443 psychodelta the Covered (level 6, -6/57 HPs)
             Began as a Minotaur Fighter on May 15, 2023.
             Mangled by an ogre
             ... wielding a +0 giant spiked club
              (15 damage)
             ... on level 5 of the Dungeon.
             The game lasted 00:05:12 (4286 turns).

psychodelta the Covered (Minotaur Fighter)          Turns: 4286, Time: 00:05:13

Health: -6/57      AC:  7    Str: 21    XL:     6   Next: 71%
Magic:  5/5        EV:  9    Int:  5    God:
Gold:   245        SH:  4    Dex:  9    Spells: 5/5 levels left

rFire   . . .        a - +0 war axe
rCold   + + .        c - +0 buckler
rNeg    . . .        b - +0 scale mail
rPois   +            (helmet restricted)
rElec   .            (no cloak)
rCorr   +            (no gloves)
SInv    .            (no boots)
Will    .....        (no amulet) Stlth
                     p - ring "Wuafin" {Wiz rPois rC++ rCorr Str-2}
HPRegen 0.29/turn    (no ring)
MPRegen 0.09/turn

%: wizardry (x1)
@: no status effects
A: horns 2, retaliatory headbutt
a: no special abilities


You were on level 5 of the Dungeon.
You visited 1 branch of the dungeon, and saw 5 of its levels.
You also visited: Sewer.

You collected 245 gold pieces.

Inventory:

Hand Weapons
 a - a +0 war axe (weapon)
Armour
 b - a +0 scale mail (worn)
 c - a +0 buckler (worn)
Jewellery
 g - a ring of poison resistance
 o - a ring of flight
 p - the ring "Wuafin" (left hand) {Wiz rPois rC++ rCorr Str-2}
   (You found it on level 2 of the Dungeon)

   [ring of wizardry]

   It improves your spell success rate.
   Str:       It affects your strength (-2).
   rC:        It greatly protects you from cold.
   rPois:     It protects you from poison.
   rCorr:     It protects you from acid and corrosion.
 t - an amulet of faith
 y - an amulet of magic regeneration
Wands
 x - a wand of charming (5)
Scrolls
 e - 11 scrolls of identify {unknown}
 j - a scroll of fear {unknown}
 k - 2 scrolls of vulnerability {unknown}
 n - 6 scrolls of teleportation {unknown}
 q - 2 scrolls of blinking {unknown}
 u - a scroll of magic mapping {unknown}
 w - a scroll of fog {unknown}
 z - a scroll of enchant weapon {unknown}
Potions
 d - 2 potions of might
 f - 3 potions of invisibility {unknown}
 h - 2 potions of attraction {unknown}
 i - 2 potions of lignification {unknown}
 l - 3 potions of mutation {unknown}
 m - 2 potions of heal wounds {unknown}
 r - a potion of cancellation {unknown}
 s - 2 potions of curing {unknown}
 v - a potion of flight {unknown}
 A - a potion of degeneration {unknown}


   Skills:
 * Level 5.7 Fighting
 + Level 5.2 Axes
 + Level 5.8 Armour
 + Level 4.5 Shields


You had 5 spell levels left.
You didn't know any spells.
Your spell library contained the following spells:

 Spells                   Type           Power      Damage    Failure   Level
 Magic Dart               Conj           0%         1d3       52%         1
 Shock                    Conj/Air       0%         1d3       52%         1
 Call Imp                 Summ           0%         N/A       65%         2
 Cigotuvi's Dreadful Rot  Necr/Pois/Air  0%         N/A       65%         2
 Sublimation of Blood     Necr           0%         N/A       65%         2
 Wereblood                Tmut           0%         N/A       65%         2
 Ignite Poison            Fire/Tmut/Pois 0%         N/A       86%         3
 Mephitic Cloud           Conj/Pois/Air  0%         N/A       86%         3
 Swiftness                Air            0%         N/A       86%         3
 Airstrike                Air            0%         2d(0-16)  99%         4
 Freezing Cloud           Conj/Ice/Air   0%         6-21      100%        5
 Summon Hydra             Summ           0%         N/A       100%        7


Dungeon Overview and Level Annotations

Branches:
Dungeon (5/15)              Sewer (visited)
 Temple: D:4-7

Altars:
Dithmenos
Hepliaklqana
Makhleb
Ru
Vehumet
Yredelemnul

Shops:
D:1 =[(=   D:5 *

Annotations:
D:5 Sigmund


Innate Abilities, Weirdness & Mutations

You have a pair of horns on your head.
You reflexively headbutt those who attack you in melee.


Message History

You block the hound's attack. The hound closely misses you.
You furiously retaliate!
You headbutt the hound!
There is an open door here.
The hound attacks as you move away! The hound barely misses you.
You hit the hound.
You kill the hound!
There is an open door here.
There is an open door here.
An ogre comes into view. It is wielding a +0 giant club.
The ogre shouts!
The ogre moves out of view.
The ogre closely misses you. You furiously retaliate!
You headbutt the ogre! You closely miss the ogre.
The ogre is moderately wounded.
The ogre hits you with a +0 giant club!!
You slash the ogre!
The ogre is heavily wounded.
The ogre closely misses you.
You hit the ogre.
The ogre is severely wounded.
You slash the ogre!
You kill the ogre!
An ogre comes into view. It is wielding a +0 giant spiked club.
Your Axes skill increases to level 5!
You see here a +0 giant club.
An ogre is nearby!
You closely miss the ogre. You headbutt the ogre!
The ogre is moderately wounded.
The ogre hits you with a +0 giant spiked club!
You hit the ogre. You headbutt the ogre.
The ogre is heavily wounded.
The ogre hits you with a +0 giant spiked club!
* * * LOW HITPOINT WARNING * * *
You hit the ogre but do no damage.
The ogre is heavily wounded.
The ogre closely misses you.
You hit the ogre but do no damage.
The ogre is heavily wounded.
The ogre hits you with a +0 giant spiked club!
You die...

# #.# # #.# .#
## #.# .# .#
#.# .# .# #.#
.# .####.# .#
......# ###.#
.####.# ##.O.#
.#
#.########.#@##
.#
#.........###.#
##
#†########.#.##
# #.# ##..# #
#.# #..# # ###
#..# # ###
###..# ##_##
##....# ...#
###.###.#


You could see an ogre.

Vanquished Creatures
  An ogre (D:5)
  A hound (D:5)
  2 orc priests
  2 orc wizards
  9 adders
  3 ufetubi (D:4)
  3 worms
  3 dart slugs
  13 orcs
  5 endoplasms
  5 giant cockroaches
  10 goblins
  7 hobgoblins
  A jackal (D:1)
  12 kobolds
  2 quokkas (D:3)
  10 ball pythons
  A bat (D:3)
  12 frilled lizards
  5 rats
107 creatures vanquished.

Notes
Turn   | Place    | Note
-------+----------+-------------------------------------------
     0 | D:1      | psychodelta the Minotaur Fighter began the quest for the
                  | Orb.
     0 | D:1      | Reached XP level 1. HP: 19/19 MP: 0/0
    67 | D:1      | Found Was Qora's Antique Armour Shop.
   171 | D:1      | Found Lem Lis's Jewellery Shoppe.
   193 | D:1      | Found Ehonielat's Weapon Emporium.
   277 | D:1      | Reached XP level 2. HP: 27/27 MP: 1/1
   627 | D:1      | Found Zankiq's Jewellery Shop.
  1058 | D:2      | Reached XP level 3. HP: 33/33 MP: 2/2
  1183 | D:2      | Identified the ring "Wuafin" {Wiz rPois rC++ rCorr Str-2}
  1585 | D:2      | Found a faded altar of an unknown god.
  1621 | D:2      | Found a hazy altar of Hepliaklqana.
  1718 | D:2      | Reached XP level 4. HP: 19/41 MP: 3/3
  2268 | D:3      | Reached skill level 5 in Armour
  2268 | D:3      | Reached XP level 5. HP: 36/47 MP: 4/4
  3055 | D:4      | Reached skill level 5 in Fighting
  3273 | D:4      | Found a glowing drain.
  3279 | Sewer    | Entered a sewer
  3428 | Sewer    | Reached XP level 6. HP: 55/56 MP: 5/5
  3764 | D:4      | Found a burning altar of Makhleb.
  3887 | D:4      | Found a shadowy altar of Dithmenos.
  4140 | D:5      | Entered Level 5 of the Dungeon
  4140 | D:5      | Noticed Sigmund
  4140 | D:5      | Found Ucwuad Kiori's Assorted Antiques.
  4239 | D:5      | Found a basalt altar of Yredelemnul.
  4243 | D:5      | Found a radiant altar of Vehumet.
  4245 | D:5      | Found a sacrificial altar of Ru.
  4282 | D:5      | Reached skill level 5 in Axes
  4286 | D:5      | Mangled by an ogre

Illustrated notes

Levels and vault maps discovered:
D:1:      dpeg_arrival_round_b, layout_basic, serial_shops,
          nicolae_diamond_shop, nicolae_square_shop,
          nicolae_shop_advertising_works [nicolae_subvault_shop_adworks],
          nicolae_shop_bloodbath_and_beyond, serial_aquarium,
          aquarium_bridge_square [aquarium_subvault_wall,
          aquarium_subvault_bridge, aquarium_subvault_balcony,
          aquarium_subvault_wall], aquarium_window_1, aquarium_window_1,
          aquarium_view_2e, minmay_pentomino_t4
D:2:      layout_loops_cross, dilly_ecumenical_altar_fadedgnrine, basic_altar
D:3:      minmay_door_path, layout_loops_cross
D:4:      layout_loops_ring, mainiacjoe_overflow_surrounded_room,
          mainiacjoe_overflow_small_starburst, portal_sewer_entry_e
D:5:      layout_loops_ring, nicolae_overflow_hidden_temple,
          lemuel_coloured_pillars_altar, grunt_temple_overflow_diamond,
          serial_shops, nicolae_lakefront_shop, minmay_misc_feat_plants,
          amcnicky_mini_corridor_feature, corner_web_ring,
          nicolae_stop_n_shop_1, guppyfry_early_orc_mine, uniq_sigmund

Skill      XL: |  1  2  3  4  5  6 |
---------------+-------------------+-----
Fighting       | 4 5 |  5.7
Armour         | 4 5 |  5.8
Shields        | 4 |  4.5
Axes           | 3 4 5 |  5.2

Action                     |  1- 3 |  4- 6 || total
---------------------------+-------+-------++-------
  Melee: War axe           |    78 |   158 ||   236
         Headbutt          |    12 |    15 ||    27
 Armour: Scale mail        |    27 |    75 ||   102
  Dodge: Dodged            |    46 |    84 ||   130
  Block: Buckler           |    14 |    31 ||    45
